NYP
CONNECTICUT TIGERS @ MINNESOTA (NYP) TWINS
08/16/2049
 
TOP OF THE 1ST
Connecticut Tigers batting - Pitching for Minnesota (NYP) Twins : RHP Miguel Montelongo
Pitching: RHP Miguel Montelongo
Batting: LHB Timotheus Young 0-0: Called Strike
0-1: DOUBLE (Groundball, 3L, EV 101.2 MPH)
Batting: RHB Dustin Bursell 0-0: Called Strike
0-1: Swinging Strike
0-2: Ball
1-2: Foul Ball, location: 2F
1-2: Strikes out swinging, 2-3 out at first.
Batting: SHB Sean Foley 0-0: Ball
1-0: Ball
2-0: Foul Ball, location: 2F
2-1: Ball
3-1: Fly out, F9 (Line Drive, 9LS, EV 92.5 MPH)
Batting: RHB Juan Acero 0-0: Called Strike
0-1: Foul Ball, location: 2F
0-2: Ground out 6-3 (Groundball, 6MD, EV 90.6 MPH)
Top of the 1st over - 0 runs, 1 hit, 0 errors, 1 left on base; Connecticut 0 - Minnesota (NYP) 0
BOTTOM OF THE 1ST
Minnesota (NYP) Twins batting - Pitching for Connecticut Tigers : RHP Juan Murillo
Pitching: RHP Juan Murillo
Batting: RHB Caleb Bockmann 0-0: Ball
1-0: Foul Ball, location: 2F
1-1: Ground out 6-3 (Groundball, 56, EV 86.2 MPH)
Batting: RHB Fhil Mikrakin 0-0: Fly out, F3 (Popup, 34, EV 68.8 MPH)
Batting: LHB Hector Olvera 0-0: Ball
1-0: Called Strike
1-1: Reached on error, E3 (Groundball, 34, EV 82.5 MPH)
Batting: RHB Nate Matson 0-0: Ball
1-0: Foul Ball, location: 2F
1-1: Ball
2-1: SINGLE (Line Drive, 7LS, EV 100.6 MPH)
Hector Olvera to second
Batting: LHB Marvin Shepherd 0-0: Ball
1-0: Fly out, F4 (Popup, 4MD, EV 56.2 MPH)
Bottom of the 1st over - 0 runs, 1 hit, 1 error, 2 left on base; Connecticut 0 - Minnesota (NYP) 0
TOP OF THE 2ND
Connecticut Tigers batting - Pitching for Minnesota (NYP) Twins : RHP Miguel Montelongo
Batting: SHB Isaiah Bias 0-0: Ground out 4-3 (Groundball, 4, EV 84.4 MPH)
Batting: SHB Ryohei Nakano 0-0: Called Strike
0-1: Ball
1-1: Ball
2-1: Called Strike
2-2: Foul Ball, location: 2F
2-2: Strikes out swinging
Batting: RHB George Sonier 0-0: Called Strike
0-1: Swinging Strike
0-2: Ball
1-2: Strikes out swinging
Top of the 2nd over - 0 runs, 0 hits, 0 errors, 0 left on base; Connecticut 0 - Minnesota (NYP) 0
BOTTOM OF THE 2ND
Minnesota (NYP) Twins batting - Pitching for Connecticut Tigers : RHP Juan Murillo
Batting: RHB Chris Bejarano 0-0: Called Strike
0-1: Ball
1-1: Foul Ball, location: 2F
1-2: Ground out 5-3 (Groundball, 56, EV 81.2 MPH)
Batting: LHB Ben Roth 0-0: Called Strike
0-1: Called Strike
0-2: Strikes out swinging
Batting: RHB Alexandre Garcia 0-0: Called Strike
0-1: Ball
1-1: Foul Ball, location: 2F
1-2: Ball
2-2: Ball
3-2: Base on Balls
Batting: LHB Jose Hilario 0-0: Called Strike
0-1: Hit by Pitch
Alexandre Garcia to second
Batting: RHB Caleb Bockmann 0-0: Ball
1-0: Fly out, F9 (Flyball, 9LS, EV 93.8 MPH)
Bottom of the 2nd over - 0 runs, 0 hits, 0 errors, 2 left on base; Connecticut 0 - Minnesota (NYP) 0
TOP OF THE 3RD
Connecticut Tigers batting - Pitching for Minnesota (NYP) Twins : RHP Miguel Montelongo
Batting: LHB Zach Rose 0-0: Ball
1-0: Ground out 3-1 (Groundball, 34, EV 102.5 MPH)
Batting: RHB Seth Fox 0-0: Ball
1-0: Foul Ball, location: 2F
1-1: Called Strike
1-2: SINGLE (Line Drive, 6D, EV 104.4 MPH)
Batting: LHB Timotheus Young 0-0: Ball
1-0: Ball
2-0: Ground out 6-3 (Groundball, 6M, EV 98.8 MPH)
Seth Fox to second
Batting: RHB Dustin Bursell 0-0: Foul Ball, location: 2F
0-1: Ball
1-1: Foul Ball, location: 2F
1-2: Ball
2-2: Foul Ball, location: 2F
2-2: Ground out 5-3 (Groundball, 56S, EV 88.8 MPH)
Top of the 3rd over - 0 runs, 1 hit, 0 errors, 1 left on base; Connecticut 0 - Minnesota (NYP) 0
BOTTOM OF THE 3RD
Minnesota (NYP) Twins batting - Pitching for Connecticut Tigers : RHP Juan Murillo
Batting: RHB Fhil Mikrakin 0-0: Called Strike
0-1: Ball
1-1: Ball
2-1: Swinging Strike
2-2: Ball
3-2: Foul Ball, location: 2F
3-2: Foul Ball, location: 2F
3-2: Strikes out swinging
Batting: LHB Hector Olvera 0-0: Foul Ball, location: 2F
0-1: Swinging Strike
0-2: Foul Ball, location: 2F
0-2: Ball
1-2: Fly out, F9 (Line Drive, 9LM, EV 90.0 MPH)
Batting: RHB Nate Matson 0-0: Called Strike
0-1: Foul Ball, location: 2F
0-2: Ball
1-2: Ground out 1-3 (Groundball, 15S, EV 70.6 MPH)
Bottom of the 3rd over - 0 runs, 0 hits, 0 errors, 0 left on base; Connecticut 0 - Minnesota (NYP) 0
TOP OF THE 4TH
Connecticut Tigers batting - Pitching for Minnesota (NYP) Twins : RHP Miguel Montelongo
Batting: SHB Sean Foley 0-0: Ground out 6-3 (Groundball, 6, EV 87.5 MPH)
Batting: RHB Juan Acero 0-0: Called Strike
0-1: Ball
1-1: Called Strike
1-2: Strikes out looking
Batting: SHB Isaiah Bias 0-0: Ball
1-0: Ball
2-0: Ball
3-0: Base on Balls
Batting: SHB Ryohei Nakano 0-0: Called Strike
0-1: Fly out, F7 (Flyball, 78M, EV 73.8 MPH)
Top of the 4th over - 0 runs, 0 hits, 0 errors, 1 left on base; Connecticut 0 - Minnesota (NYP) 0
BOTTOM OF THE 4TH
Minnesota (NYP) Twins batting - Pitching for Connecticut Tigers : RHP Juan Murillo
Batting: LHB Marvin Shepherd 0-0: Called Strike
0-1: Ground out 4-3 (Groundball, 4, EV 85.0 MPH)
Batting: RHB Chris Bejarano 0-0: Ball
1-0: Foul Ball, location: 2F
1-1: DOUBLE (Line Drive, 5D, EV 100.0 MPH)
Batting: LHB Ben Roth 0-0: Called Strike
0-1: Ball
1-1: Ball
2-1: Swinging Strike
2-2: DOUBLE (Groundball, 3L, EV 100.0 MPH)
Chris Bejarano scores
Batting: RHB Alexandre Garcia 0-0: Called Strike
0-1: Ball
1-1: Foul Ball, location: 2F
1-2: SINGLE (Groundball, 6D, EV 98.1 MPH)
Ben Roth to third
Batting: LHB Jose Hilario 0-0: Foul Ball, location: 2F
0-1: Ball
1-1: Called Strike
1-2: Foul Ball, location: 2F
1-2: Fly out, F9 (Line Drive, 9S, EV 105.0 MPH)
Batting: RHB Caleb Bockmann 0-0: Swinging Strike
0-1: Ball
1-1: Called Strike
1-2: Strikes out looking
Bottom of the 4th over - 1 run, 3 hits, 0 errors, 2 left on base; Connecticut 0 - Minnesota (NYP) 1
TOP OF THE 5TH
Connecticut Tigers batting - Pitching for Minnesota (NYP) Twins : RHP Miguel Montelongo
Batting: RHB George Sonier 0-0: Called Strike
0-1: Ball
1-1: Ball
2-1: Foul Ball, location: 2F
2-2: Strikes out looking
Batting: LHB Zach Rose 0-0: Ball
1-0: Foul Ball, location: 2F
1-1: Ball
2-1: Ball
3-1: Base on Balls
Batting: RHB Seth Fox 0-0: Ball
1-0: Foul Ball, location: 2F
1-1: SINGLE (Groundball, 4D, EV 100.6 MPH)
Zach Rose to second
Runner from 2nd tries for 3rd, SAFE, throw by CF made to third
Batting: LHB Timotheus Young 0-0: Ball
1-0: Fielders Choice at 2nd, 1-6 (Groundball, 13S, EV 76.9 MPH)
Batting: RHB Dustin Bursell 0-0: Foul Ball, location: 2F
0-1: Ball
1-1: Foul Ball, location: 2F
1-2: Fielders Choice at 2nd, 6-4 (Groundball, 6, EV 83.1 MPH)
Top of the 5th over - 0 runs, 1 hit, 0 errors, 2 left on base; Connecticut 0 - Minnesota (NYP) 1
BOTTOM OF THE 5TH
Minnesota (NYP) Twins batting - Pitching for Connecticut Tigers : RHP Juan Murillo
Batting: RHB Fhil Mikrakin 0-0: Ball
1-0: Called Strike
1-1: Ball
2-1: Ball
3-1: Base on Balls
Batting: LHB Hector Olvera 0-0: Called Strike
0-1: Ball
1-1: Hit by Pitch
Fhil Mikrakin to second
Batting: RHB Nate Matson 0-0: Called Strike
0-1: Ball
1-1: Foul Ball, location: 2F
1-2: Strikes out swinging
Batting: LHB Marvin Shepherd 0-0: Called Strike
0-1: Swinging Strike
0-2: DOUBLE (Line Drive, 9LM, EV 105.0 MPH)
Fhil Mikrakin scores
Hector Olvera to third
Runner from 3rd tries for Home, SAFE, throw by RF to trailing runner, SAFE at third!
Batting: RHB Chris Bejarano 0-0: Called Strike
0-1: Ball
1-1: SINGLE (Groundball, 6MD, EV 104.4 MPH)
Marvin Shepherd scores
Pitching: LHP Estêvão Cavadas
Batting: LHB Ben Roth 0-0: Ball
1-0: Swinging Strike
1-1: Called Strike
1-2: Foul Ball, location: 2F
1-2: Foul Ball, location: 2F
1-2: Ball
2-2: Ball
3-2: Fly out, F9 (Line Drive, 9S, EV 96.9 MPH)
Batting: RHB Alexandre Garcia 0-0: Ball
1-0: Foul Ball, location: 2F
1-1: Ball
Chris Bejarano steals 2nd base
2-1: Foul Ball, location: 2F
2-2: Foul Ball, location: 2F
2-2: Strikes out swinging
Bottom of the 5th over - 3 runs, 2 hits, 0 errors, 1 left on base; Connecticut 0 - Minnesota (NYP) 4
TOP OF THE 6TH
Connecticut Tigers batting - Pitching for Minnesota (NYP) Twins : RHP Miguel Montelongo
Batting: SHB Sean Foley 0-0: Foul Ball, location: 2F
0-1: Ball
1-1: Swinging Strike
1-2: Foul Ball, location: 2F
1-2: Strikes out swinging
Batting: RHB Juan Acero 0-0: Swinging Strike
0-1: Fly out, F7 (Flyball, 7D, EV 92.5 MPH)
Batting: SHB Isaiah Bias 0-0: Foul Ball, location: 2F
0-1: Ball
1-1: Foul Ball, location: 2F
1-2: Strikes out swinging
Top of the 6th over - 0 runs, 0 hits, 0 errors, 0 left on base; Connecticut 0 - Minnesota (NYP) 4
BOTTOM OF THE 6TH
Minnesota (NYP) Twins batting - Pitching for Connecticut Tigers : LHP Estêvão Cavadas
Batting: LHB Jose Hilario 0-0: Called Strike
0-1: Called Strike
0-2: Ball
1-2: Strikes out swinging
Batting: RHB Caleb Bockmann 0-0: Ball
1-0: Foul Ball, location: 2F
1-1: Ball
2-1: Foul Ball, location: 2F
2-2: Fly out, F9 (Line Drive, 9S, EV 86.2 MPH)
Batting: RHB Fhil Mikrakin 0-0: SINGLE (Groundball, 56S, EV 68.8 MPH) (infield hit)
Batting: LHB Hector Olvera 0-0: Called Strike
0-1: Ball
1-1: Ball
Fhil Mikrakin is caught stealing 2nd base 2-6
Bottom of the 6th over - 0 runs, 1 hit, 0 errors, 0 left on base; Connecticut 0 - Minnesota (NYP) 4
TOP OF THE 7TH
Connecticut Tigers batting - Pitching for Minnesota (NYP) Twins : RHP Miguel Montelongo
Pitching: LHP Bryan Rouse
Batting: SHB Ryohei Nakano 0-0: Called Strike
0-1: Foul Ball, location: 2F
0-2: Strikes out swinging
Batting: RHB George Sonier 0-0: Ball
1-0: SINGLE (Groundball, 56D, EV 104.4 MPH)
Pinch Hitting: RHB Tony Nunez 0-0: Foul Ball, location: 2F
0-1: Foul Ball, location: 2F
0-2: Grounds into double play, 4-6-3 (Groundball, 4, EV 85.6 MPH)
Top of the 7th over - 0 runs, 1 hit, 0 errors, 0 left on base; Connecticut 0 - Minnesota (NYP) 4
BOTTOM OF THE 7TH
Minnesota (NYP) Twins batting - Pitching for Connecticut Tigers : LHP Estêvão Cavadas
Now at 3B: Tony Nunez
Batting: LHB Hector Olvera 0-0: Foul Ball, location: 2F
0-1: Foul Ball, location: 2F
0-2: Ball
1-2: Ball
2-2: Ground out U3 (Groundball, 34, EV 85.0 MPH)
Batting: RHB Nate Matson 0-0: Foul Ball, location: 2F
0-1: Ball
1-1: Foul Ball, location: 2F
1-2: Ball
2-2: Ground out 6-3 (Groundball, 6S, EV 89.4 MPH)
Batting: LHB Marvin Shepherd 0-0: Ball
1-0: Called Strike
1-1: Fly out, F7 (Flyball, 78S, EV 76.2 MPH)
Bottom of the 7th over - 0 runs, 0 hits, 0 errors, 0 left on base; Connecticut 0 - Minnesota (NYP) 4
TOP OF THE 8TH
Connecticut Tigers batting - Pitching for Minnesota (NYP) Twins : LHP Bryan Rouse
Batting: RHB Seth Fox 0-0: Ball
1-0: Ball
2-0: Foul Ball, location: 2F
2-1: Ball
3-1: Called Strike
3-2: Ground out 6-3 (Groundball, P, EV 94.4 MPH)
Batting: LHB Timotheus Young 0-0: Called Strike
0-1: Ball
1-1: Foul Ball, location: 2F
1-2: SINGLE (Groundball, 6D, EV 104.4 MPH)
Batting: RHB Dustin Bursell 0-0: Ball
1-0: Swinging Strike
1-1: Swinging Strike
1-2: Strikes out swinging
Batting: SHB Sean Foley 0-0: Called Strike
0-1: Ball
1-1: Ball
2-1: SINGLE (Groundball, 4S, EV 65.6 MPH) (infield hit)
Timotheus Young to second
Batting: RHB Juan Acero 0-0: Ball
1-0: Ball
2-0: Foul Ball, location: 2F
2-1: Ground out 4-3 (Groundball, 34, EV 82.5 MPH)
Top of the 8th over - 0 runs, 2 hits, 0 errors, 2 left on base; Connecticut 0 - Minnesota (NYP) 4
BOTTOM OF THE 8TH
Minnesota (NYP) Twins batting - Pitching for Connecticut Tigers : LHP Estêvão Cavadas
Pitching: LHP Jayden Carey
Batting: RHB Chris Bejarano 0-0: Called Strike
0-1: Fly out, F9 (Flyball, 9, EV 91.2 MPH)
Batting: LHB Ben Roth 0-0: Called Strike
0-1: Called Strike
0-2: Foul Ball, location: 2F
0-2: Strikes out swinging
Batting: RHB Alexandre Garcia 0-0: Ball
1-0: Ball
2-0: Ball
3-0: Base on Balls
Batting: LHB Jose Hilario 0-0: Called Strike
Alexandre Garcia is caught stealing 2nd base 2-6
Bottom of the 8th over - 0 runs, 0 hits, 0 errors, 0 left on base; Connecticut 0 - Minnesota (NYP) 4
TOP OF THE 9TH
Connecticut Tigers batting - Pitching for Minnesota (NYP) Twins : LHP Bryan Rouse
Batting: SHB Isaiah Bias 0-0: Ball
1-0: Ball
2-0: Swinging Strike
2-1: Foul Ball, location: 2F
2-2: Fly out, F8 (Flyball, 8RXD, EV 95.0 MPH)
Batting: SHB Ryohei Nakano 0-0: Ball
1-0: SINGLE (Line Drive, 4D, EV 95.6 MPH)
Pitching: LHP Travis Joyal
Batting: RHB George Sonier 0-0: Swinging Strike
0-1: Fielders Choice at 2nd, 4-6 (Groundball, 4, EV 96.2 MPH)
Batting: RHB Tony Nunez 0-0: Ball
1-0: Ball
2-0: Foul Ball, location: 2F
2-1: Ball
3-1: Called Strike
3-2: Ground out 6-3 (Groundball, 56, EV 105.0 MPH)
Top of the 9th over - 0 runs, 1 hit, 0 errors, 1 left on base; Connecticut 0 - Minnesota (NYP) 4
Sunday, July 16th , 2023 - OOTP Baseball 24.6 Build 69